 Dungeon Crawl Stone Soup version 0.30-a0-1112-gfb780f5df6 (webtiles) character file.

Game seed: 1411925675341407340

127 mopl the Digger (level 4, 0/33 HPs)
             Began as a Draconian Earth Elementalist on Apr 19, 2023.
             Slain by an ice beast (5 damage)
             ... on level 5 of the Dungeon.
             The game lasted 00:02:27 (1676 turns).

mopl the Digger (Draconian Earth Elementalist)      Turns: 1676, Time: 00:02:28

Health: 0/33       AC:  7    Str: 10    XL:     4   Next: 85%
Magic:  4/9        EV: 12    Int: 17    God:
Gold:   160        SH:  0    Dex: 12    Spells: 9/10 levels left

rFire   . . .      SeeInvis .    j - +2 whip (venom)
rCold   . . .      Faith    .    (no shield)
rNeg    . . .      Spirit   .    (body armour unavailable)
rPois   +          Reflect  .    d - +1 hat
rElec   .          Rampage  .    p - +0 cloak
rCorr   .                        (no gloves)
Will    .....                    (no boots)
Stlth   ++                       (no amulet)
HPRegen 0.25/turn                g - ring of poison resistance
MPRegen 0.11/turn                (no ring)

@: slowed, very slow
A: AC +5, unfitting armour, cold-blooded
a: no special abilities


You were on level 5 of the Dungeon.
You visited 1 branch of the dungeon, and saw 4 of its levels.

You collected 160 gold pieces.

Inventory:

Hand Weapons
 i - a +1 dagger of draining
 j - a +2 whip of venom (weapon)
Armour
 d - a +1 hat (worn)
 p - a +0 cloak (worn)
Jewellery
 g - a ring of poison resistance (left hand)
Wands
 o - a wand of flame (21)
Scrolls
 b - 3 scrolls of identify {unknown}
 c - a scroll of vulnerability {unknown}
 h - a scroll of brand weapon {unknown}
 k - a scroll of teleportation {unknown}
 n - a scroll of fear {unknown}
Potions
 a - 2 potions of magic
 e - 3 potions of curing {unknown}
 f - a potion of might {unknown}
 l - a potion of brilliance {unknown}
 m - a potion of haste {unknown}
 q - a potion of resistance {unknown}


   Skills:
 - Level 1.7 Dodging
 - Level 1.7 Stealth
 + Level 3.6 Spellcasting
 - Level 1.0 Transmutations
 + Level 4.4 Earth Magic


You had 9 spell levels left.
You knew the following spells:

 Your Spells              Type           Power      Damage    Failure   Level
a - Sandblast             Erth           36%        2d10      2%          1

Your spell library contained the following spells:

 Spells                   Type           Power      Damage    Failure   Level
 Passwall                 Tmut/Erth      10%        N/A       9%          2
 Foxfire                  Conj/Fire      12%        2x1d4     17%         1
 Stone Arrow              Conj/Erth      20%        3d8       21%         3
 Blink                    Tloc           6%         N/A       26%         2
 Lesser Beckoning         Tloc           6%         N/A       26%         2
 Momentum Strike          Conj/Tloc      6%         3d8       26%         2
 Scorch                   Fire           6%         2d5       26%         2
 Tukima's Dance           Hex            3%         N/A       45%         3
 Petrify                  Tmut/Erth      12%        N/A       47%         4
 Flame Wave               Conj/Fire      3%         2d5       86%         4
 Fireball                 Conj/Fire      1%         3d3       99%         5
 Summon Cactus Giant      Summ           1%         N/A       100%        6


Dungeon Overview and Level Annotations

Branches:
Dungeon (3/15)

Altars:
Elyvilon


Innate Abilities, Weirdness & Mutations

Your plain brown scales are hard. (AC +5)
You cannot fit into any form of body armour.
You are cold-blooded and may be slowed by cold attacks.


Message History

Your Spellcasting skill increases to level 3!
Your Earth Magic skill increases to level 4!
You have reached level 4!
You feel agile.
Unknown command.
You start resting.
Magic restored.
You start resting.
An ice beast comes into view.
The blast of sand hits the ice beast.
The ice beast is lightly wounded.
The blast of sand hits the ice beast.
The ice beast is moderately wounded.
The blast of sand hits the ice beast.
The ice beast is moderately wounded.
The ice beast hits you. The ice beast freezes you!
The blast of sand hits the ice beast.
The ice beast is moderately wounded.
The ice beast hits you but does no damage.
The ice beast closely misses you.
The blast of sand hits the ice beast but does no damage.
The ice beast is moderately wounded.
The ice beast hits you. The ice beast freezes you.
You feel yourself slow down.
You are too injured to fight recklessly!
You are too injured to fight recklessly!
Casting: Sandblast (safe; 2% risk of failure)
Confirm with . or Enter, or press ? or * to list all spells.
Aiming: Sandblast (safe; 2% risk of failure)
Press: ? - help, Shift-Dir - straight line, f/p - ice beast
Aim: an ice beast (moderately wounded, 82% to hit)
The blast of sand hits the ice beast but does no damage.
The ice beast is moderately wounded.
You feel yourself speed up. The ice beast hits you. The ice beast freezes you.
You feel yourself slow down.
* * * LOW HITPOINT WARNING * * *
The ice beast hits you.
* * * LOW HITPOINT WARNING * * *
The ice beast freezes you.
You feel as though you will be slow longer.
You die...

#.................
+#...........#.....
............##.....
...........# ......
..........###.....
..........##...#
..............#
.......###.Y..#
....#.. ###@.# ...
#.. #.....# .. #..
#......... . #..
#..##...## #.. #..#
..... ...# ....
...# ... ..... ...


You could see an ice beast.

Vanquished Creatures
  A black bear (D:5)
  A worm (D:3)
  A dart slug (D:2)
  6 bats
  3 endoplasms
  3 giant cockroaches
  4 goblins (D:1)
  2 hobgoblins (D:1)
  2 quokkas
  3 ball pythons
  A frilled lizard (D:2)
  4 kobolds
  3 rats
34 creatures vanquished.

Notes
Turn   | Place    | Note
-------+----------+-------------------------------------------
     0 | D:1      | mopl the Draconian Earth Elementalist began the quest for
                  | the Orb.
     0 | D:1      | Reached XP level 1. HP: 14/14 MP: 3/3
    53 | D:1      | Found a faded altar of an unknown god.
    86 | D:1      | Prayed at the altar of an unknown god.
    86 | D:1      | Became a worshipper of Elyvilon the Healer
    86 | D:1      | Reached * piety under Elyvilon
    87 | D:1      | Fell from the grace of Elyvilon
   123 | D:1      | Reached XP level 2. HP: 20/20 MP: 0/5
   619 | D:2      | Got the Atlas of Baleful Attacks
   804 | D:2      | Reached XP level 3. HP: 26/26 MP: 5/7
  1538 | D:3      | You fall into a shaft and drop 2 floors!
  1538 | D:5      | Entered Level 5 of the Dungeon
  1541 | D:5      | Noticed a black bear
  1585 | D:5      | Killed a black bear
  1586 | D:5      | Reached skill level 3 in Spellcasting
  1586 | D:5      | Reached skill level 4 in Earth Magic
  1586 | D:5      | Reached XP level 4. HP: 10/33 MP: 1/9
  1670 | D:5      | Noticed an ice beast
  1676 | D:5      | Slain by an ice beast

Illustrated notes

Levels and vault maps discovered:
D:1:      eino_arrival_cavern_e, layout_rooms,
          hellmonk_ecumenical_altar_lost_god, minmay_domino_2
D:2:      layout_basic, minmay_box_of_dots
D:3:      layout_basic, minivault_24, minmay_misc_feat_iff
D:5:      old_forge, layout_layer_cave, ashenzari_conservatory_becter,
          mainiacjoe_overflow_six_doors_small, gammafunk_ghost_abyssal_escape,
          uniq_duvessa

Skill      XL: |  1  2  3 |
---------------+----------+-----
Spellcasting   | 3 |  3.6
Earth Magic    | 4 |  4.4
Dodging        | |  1.7
Stealth        | |  1.7
Transmutations | |  1.0

Action                     |  1- 3 |  4- 6 || total
---------------------------+-------+-------++-------
  Melee: Unarmed           |    11 |       ||    11
         Whip              |     3 |       ||     3
         Dagger            |     2 |       ||     2
   Cast: Sandblast         |    47 |     6 ||    53
 Invoke: Renounce Religion |     1 |       ||     1
 Armour: Skin              |    17 |     1 ||    18
  Dodge: Dodged            |    40 |     1 ||    41

Table legend: (Time is in decaauts)
 A = Elapsed time spent in this place.
 B = Non-inter-level travel time spent in this place.
 C = Inter-level travel time spent in this place.
 D = Time resting spent in this place.
 E = Time spent auto-exploring this place.
 F = Levels seen in this place.
 G = Mean time per level.
                   A        B        C        D        E       F      G
               +--------+--------+--------+--------+--------+-----+--------+
         Total |   1700 |   1623 |     77 |    118 |   1241 |   4 |  425.0 |
       Dungeon |   1700 |   1623 |     77 |    118 |   1241 |   4 |  425.0 |
               +--------+--------+--------+--------+--------+-----+--------+

Top non-repeatable levels by time:
     D:2: 884 daAuts
     D:1: 532 daAuts
     D:5: 143 daAuts
     D:3: 140 daAuts
